 Dungeon Crawl Stone Soup version 0.17-a0-1079-g9903972 (webtiles) character file.

688 Kisielow the Cleaver (level 7, 0/57 HPs)
             Began as a Minotaur Fighter on May 19, 2015.
             Was an Initiate of Okawaru.
             Slain by Pikel
             ... wielding a +1 whip of electrocution
              (17 damage)
             ... on level 5 of the Dungeon.
             The game lasted 00:09:25 (4272 turns).

Kisielow the Cleaver (Minotaur Fighter)             Turns: 4272, Time: 00:09:25

Health: 0/57       AC:  8    Str: 23    XL:     7   Next: 36%
Magic:  6/6        EV: 12    Int:  5    God:    Okawaru [......]
Gold:   314        SH:  9    Dex:  9    Spells: 0 memorised, 6 levels left

rFire  + . .     SeeInvis .     a - +0 war axe
rCold  . . .     Clarity  .     b - +0 scale mail
rNeg   . . .     SustAb   .     c - +0 shield
rPois  .         Gourm    .     (helmet restricted)
rElec  .         Spirit   .     (no cloak)
rCorr  .         Warding  .     (no gloves)
rMut   .         Stasis   .     m - +0 pair of boots
MR     .....                    (no amulet)
Stlth  ..........               y - +5 ring of evasion
                                n - ring of protection from fire

@: flying, not resistant to hostile enchantments, extremely unstealthy
A: retaliatory headbutt, horns 2
a: Renounce Religion


You were on level 5 of the Dungeon.
You worshipped Okawaru.
Okawaru was noncommittal.
You were hungry.

You visited 2 branches of the dungeon, and saw 6 of its levels.

You collected 314 gold pieces.

Inventory:

Hand weapons
 a - a +0 war axe (weapon)
Armour
 b - a +0 scale mail (worn)
 c - a +0 shield (worn)
 m - a +0 pair of boots (worn)
Jewellery
 n - a ring of protection from fire (left hand)
 x - an uncursed ring of protection from cold
 y - a +5 ring of evasion (right hand)
Magical devices
 t - a wand of magic darts (30)
Scrolls
 f - 2 scrolls of immolation {unknown}
 i - 5 scrolls of remove curse {unknown}
 j - 2 scrolls of recharging {unknown}
 k - a scroll of enchant weapon {unknown}
 o - a scroll of random uselessness {unknown}
 p - 3 scrolls of identify {unknown}
 q - 2 scrolls of amnesia {unknown}
 s - 2 scrolls of magic mapping {unknown}
 u - a scroll of blinking {unknown}
Potions
 d - 2 potions of might
 g - 3 potions of curing
 r - a potion of haste {unknown}
 v - a potion of lignification {unknown}
Comestibles
 e - 3 bread rations
 l - a meat ration
 w - 20 fruits
 z - 7 chunks of flesh


   Skills:
 + Level 3.6 Fighting
 - Level 10.0 Axes
 + Level 3.6 Armour
 - Level 3.6 Shields


You had 6 spell levels left.
You didn't know any spells.

Dungeon Overview and Level Annotations

Branches:
Dungeon (5/15)             Temple (1/1) D:5

Altars:
Ashenzari
Dithmenos
Elyvilon
Fedhas
Gozag
Kikubaaqudgha
Makhleb
Okawaru
Qazlal
Sif Muna
Trog
Xom
Yredelemnul
Zin
The Shining One

Annotations:
D:5 Pikel


Innate Abilities, Weirdness & Mutations

You reflexively headbutt those who attack you in melee.
You have a pair of horns on your head.


Message History

You barely miss the slave.
The slave is moderately wounded.
The jackal bites you.
* * * LOW HITPOINT WARNING * * *
You block Pikel's attack. You block the jackal's attack.
The slave closely misses you.
You barely miss Pikel.
Pikel is moderately wounded.
You closely miss the slave.
The slave is moderately wounded.
You slash the jackal!
You kill the jackal!
Okawaru accepts your kill. Pikel closely misses you.
You closely miss Pikel. Your headbutt misses Pikel.
Pikel is moderately wounded.
You closely miss the slave.
The slave is moderately wounded.
Pikel hits you but does no damage.
You are electrocuted!
You die...

#..............##
####### #...########.###
#...# #.# ######### #...
#.# #.......# #.#
#.#####.# #.# #.......##
## #.######.##......
....####K....##.##.#..##
.....p.@####..<....#..#
##.####p# ####.......#
#.# #.####.## #.#
#......# #.# ########
#.# ... #.. #..


You could see Pikel and 2 slaves.

Vanquished Creatures
  An ice beast (D:5)
  An ogre (D:5)
  2 slaves (D:4)
  A scorpion (D:5)
  2 crimson imps
  2 orc priests
  Ijyb (D:3)
  An iguana (D:4)
  3 worker ants (D:4)
  A hound skeleton (D:5)
  4 gnolls
  5 adders
  2 oozes
  5 worms
  3 giant geckos
  10 orcs
  2 ball pythons (D:1)
  16 bats
  2 giant cockroaches (D:2)
  16 goblins
  4 hobgoblins
  2 jackals
  4 giant newts (D:2)
  10 kobolds
  4 rats
104 creatures vanquished.

Notes
Turn   | Place    | Note
--------------------------------------------------------------
     0 | D:1      | Kisielow the Minotaur Fighter began the quest for the Orb.
     0 | D:1      | Reached XP level 1. HP: 19/19 MP: 0/0
   224 | D:1      | Reached XP level 2. HP: 24/26 MP: 1/1
   345 | D:1      | Reached skill level 4 in Axes
   518 | D:1      | Reached XP level 3. HP: 31/31 MP: 2/2
  1004 | D:2      | Found a shimmering altar of Xom.
  1051 | D:2      | Found an ancient bone altar of Kikubaaqudgha.
  1064 | D:2      | Reached skill level 5 in Axes
  1242 | D:2      | Found an opulent altar of Gozag.
  1299 | D:2      | Found a shattered altar of Ashenzari.
  1376 | D:2      | Reached XP level 4. HP: 39/39 MP: 3/3
  1910 | D:3      | Reached skill level 6 in Axes
  1912 | D:3      | Reached XP level 5. HP: 15/45 MP: 4/4
  2169 | D:3      | Noticed Ijyb
  2179 | D:3      | Killed Ijyb
  2235 | D:3      | Reached skill level 7 in Axes
  2820 | D:4      | Reached XP level 6. HP: 47/51 MP: 5/5
  2983 | D:4      | Found a glowing golden altar of the Shining One.
  3051 | D:4      | Found a blossoming altar of Fedhas.
  3142 | D:4      | Found a stormy altar of Qazlal.
  3250 | D:4      | Reached skill level 8 in Axes
  3576 | D:5      | Entered Level 5 of the Dungeon
  3679 | D:5      | Found a staircase to the Ecumenical Temple.
  3689 | D:5      | Reached skill level 9 in Axes
  3714 | Temple   | Entered the Ecumenical Temple
  3922 | Temple   | Became a worshipper of Warmaster Okawaru
  3997 | D:5      | Reached XP level 7. HP: 57/57 MP: 6/6
  4024 | D:5      | Noticed Pikel
  4101 | D:4      | Reached skill level 10 in Axes
  4272 | D:5      | Slain by Pikel

Vault maps used:
D:1:      sevenhm_arrival_forest_fort_small_6
D:2:      lemuel_crystal_altar, nicolae_overflow_crystal_walls,
          kiku_gazebo_garden_becter, ashenzari_conservatory_becter
D:3:      minmay_bisected, uniq_iyjb
D:4:      lemuel_doored_altar, grunt_temple_overflow_forces_of_nature,
          first_bread, dk_vineyard_3
D:5:      nicolae_ru_path_of_blood, temple_pool_b, uniq_pikel
Temple:   minmay_temple_bridge_d_8

Action                   |  1- 3 |  4- 6 |  7- 9 || total
-------------------------+-------+-------+-------++-------
Melee: War axe           |    76 |   134 |    34 ||   244
  Use: Potion            |       |       |     2 ||     2
  Eat: Chunk             |     1 |     7 |     2 ||    10
